 Dungeon Crawl Stone Soup version 0.30.1-11-g7821555f0a (webtiles) character file.

Game seed: 14720613532175228331

1169 Nonny the Magician (level 8, -3/48 HPs)
             Began as a Tengu Cinder Acolyte on Oct 28, 2023.
             Was a High Priest of Ignis.
             Killed from afar by an electric eel (11 damage)
             ... with a bolt of electricity
             ... on level 6 of the Dungeon.
             The game lasted 00:13:55 (5494 turns).

Nonny the Magician (Tengu Cinder Acolyte)           Turns: 5494, Time: 00:13:55

Health: -3/48      AC:  5    Str: 17    XL:     8   Next: 40%
Magic:  14/17      EV: 13    Int: 17    God:    Ignis [*****.]
Gold:   115        SH:  0    Dex: 10    Spells: 13/18 levels left

rFire   + . .        x - staff of poison
rCold   . . .        (no shield)
rNeg    . . .        b - +1 robe
rPois   +            (helmet restricted)
rElec   .            o - +0 cloak of Luoshes {Str+3}
rCorr   .            t - +0 pair of gloves
SInv    .            (boots unavailable)
Will    .....        (no amulet)
Stlth   +            h - ring of wizardry
HPRegen 0.28/turn    (no ring)
MPRegen 0.15/turn

%: wizardry (x1)
@: flying quickly and evasively, quick
A: beak, talons 3, nimble flight
a: Renounce Religion, Fiery Armour, Foxfire Swarm, Rising Flame


You were on level 6 of the Dungeon.
You worshipped Ignis.
Ignis was extremely pleased with you.
You visited 1 branch of the dungeon, and saw 6 of its levels.

You collected 265 gold pieces.
You spent 150 gold pieces at shops.

Inventory:

Hand Weapons
 a - a -1 mace of flaming
 i - a +4 short sword of protection
Missiles
 s - 9 poisoned darts (quivered)
Armour
 b - a +1 robe (worn)
 o - the +0 cloak of Luoshes (worn) {Str+3}
   (You found it on level 3 of the Dungeon)

   Str:       It affects your strength (+3).
 t - a +0 pair of gloves (worn)
Magical Staves
 k - a staff of conjuration
 x - a staff of poison (weapon)
Jewellery
 h - a ring of wizardry (left hand)
Wands
 j - a wand of digging (3)
 u - a wand of flame (18)
Scrolls
 c - 2 scrolls of fog
 n - 2 scrolls of enchant weapon
 p - a scroll of teleportation
 y - a scroll of identify
 z - a scroll of immolation
 A - a scroll of acquirement {unknown}
Potions
 d - 2 potions of berserk rage
 e - a potion of resistance {unknown}
 f - 4 potions of haste
 g - 2 potions of lignification {unknown}
 l - 4 potions of curing
 m - a potion of invisibility
 q - a potion of heal wounds
 r - a potion of magic
 v - a potion of ambrosia
 w - a potion of brilliance


   Skills:
 + Level 4.6 Fighting
 - Level 3.2(3.4) Maces & Flails
 + Level 1.1(2.3) Staves
 + Level 5.7 Spellcasting
 * Level 1.2 Conjurations
 - Level 5.0 Fire Magic
 * Level 4.8 Air Magic
 - Level 3.0 Poison Magic


You had 13 spell levels left.
You knew the following spells:

 Your Spells              Type           Power      Damage    Failure   Level
a - Scorch                Fire           44%        2d7       1%          2
b - Mephitic Cloud        Conj/Pois/Air  22%        N/A       4%          3

Your spell library contained the following spells:

 Spells                   Type           Power      Damage    Failure   Level
 Cigotuvi's Dreadful Rot  Necr/Pois/Air  40%        N/A       2%          2
 Necrotise                Necr           16%        1d4       5%          1
 Inner Flame              Hex/Fire       13%        N/A       6%          3
 Spider Form              Tmut/Pois      14%        N/A       9%          3
 Dazzling Flash           Conj/Hex       14%        N/A       12%         3
 Anguish                  Hex/Necr       2%         N/A       45%         4
 Silence                  Hex/Air        6%         N/A       45%         5
 Irradiate                Conj/Tmut      3%         3d12      71%         5
 Agony                    Necr           4%         N/A       78%         5
 Blade Hands              Tmut           2%         N/A       78%         5
 Yara's Violent Unravell  Hex/Tmut       2%         3d3       78%         5
 Conjure Ball Lightning   Conj/Air       7%         3x3d6     89%         6
 Eringya's Noxious Bog    Tmut/Pois      7%         N/A       98%         6
 Dragon Form              Tmut           2%         N/A       100%        7
 Enfeeble                 Hex            2%         N/A       100%        7
 Chain Lightning          Conj/Air       7%         3d10      100%        9


Dungeon Overview and Level Annotations

Branches:
Dungeon (6/15)
 Temple: D:4-7

Altars:
Wu Jian
Zin

Shops:
D:3 (   D:5 !

Annotations:
D:4 Digging wand needed in south
D:5 arthad's ghost, amateur DEFE
D:6 1 runed translucent door, Blork the orc


Innate Abilities, Weirdness & Mutations

You have a beak for a mouth.
You have claws for feet.
Your magical nature lets you fly swiftly and evasively.


Message History

The electric eel shoots out a bolt of lightning at you!
The bolt of electricity misses you.
You hear a shout!
The electric eel shoots out a bolt of lightning at you!
The bolt of electricity hits you.
Casting: Scorch (safe; 1% risk of failure)
Confirm with . or Enter, or press ? or * to list all spells.
You can't see any susceptible monsters within range! (Use Z to cast anyway.) Blork the orc comes into view.
He is wielding a +0 scimitar.
Blork the orc shouts!
The electric eel shoots out a bolt of lightning at you!
The bolt of electricity hits you!
Casting: Scorch (safe; 1% risk of failure)
Confirm with . or Enter, or press ? or * to list all spells.
Flames lash the electric eel.
The electric eel is heavily wounded.
The electric eel's fire resistance burns away.
The electric eel is engulfed in a cloud of scalding steam.
The electric eel shoots out a bolt of lightning at you!
The bolt of electricity hits you!
Blork the orc points at you and mumbles some strange words.
The magic dart hits you.
Casting: Scorch (safe; 1% risk of failure)
Confirm with . or Enter, or press ? or * to list all spells.
Flames lash the electric eel.
The electric eel is burned terribly!
You kill the electric eel!
You hear a splash.
Unknown command.
An electric eel comes into view.
Blork the orc points at you and mumbles some strange words.
The magic dart hits you but does no damage.
Blork the orc miscasts a cantrip.
The electric eel shoots out a bolt of lightning at you!
The bolt of electricity misses you.
The electric eel shoots out a bolt of lightning at you!
The bolt of electricity hits you!
* * * LOW HITPOINT WARNING * * *
The electric eel shoots out a bolt of lightning at you!
The bolt of electricity hits you!
You die...

...........#................### #
................###...........# #
.......................>...)..###
....................###.....).#..
....................###.......#..
....~~.......................##..
....~~.......................##..
...~♣~..♣~.......................
..P♣~~..~~~.....@...##....#####..
.♣♣~~..~~~~♣♣♣..###.##...........
♣~P~~...~~~~~♣.# #.######.####..
♣~P~...oo~~~~~.# #.# .#.....
♣♣~~~..~~†~~~♣.# #. .#.##..
♣~P..~~~~~~♣♣.# #.####
♣~P~...P~~≈~~♣.# #.#
♣~P~...~~S≈≈~♣.# #.#
♣~~...~~≈≈~♣..# #.#


You could see Blork the orc and an electric eel.

Vanquished Creatures
  Eustachio (D:5)
  3 ogres
  A centaur (D:6)
  A phantom (D:4)
  4 scorpions
  An electric eel (D:6)
  A hound (D:6)
  Crazy Yiuf (D:2)
  A jelly (D:4)
  Terence (D:2)
  Natasha (thrice) (D:2)
  An iguana (D:5)
  6 adders
  A white imp (D:5)
  2 ufetubi (D:5)
  A dart slug (D:5)
  4 orcs (D:4)
  7 endoplasms
  4 giant cockroaches
  7 hobgoblins
  6 jackals
  6 kobolds
  4 quokkas
  3 ball pythons (D:2)
  5 bats
  A frilled lizard (D:2)
  5 goblins
  3 rats
84 creatures vanquished.

Notes
Turn   | Place    | Note
-------+----------+-------------------------------------------
     0 | D:1      | Nonny the Tengu Cinder Acolyte began the quest for the Orb.
     0 | D:1      | Reached XP level 1. HP: 14/14 MP: 3/3
    70 | D:1      | Got the Papyrus of the Gusty Panacea
   147 | D:1      | Reached XP level 2. HP: 19/19 MP: 4/4
   155 | D:1      | Learned a level 2 spell: Scorch
   161 | D:1      | Found a faded altar of an unknown god.
   880 | D:2      | Noticed Terence
   908 | D:2      | Killed Terence
   909 | D:2      | Reached XP level 3. HP: 24/24 MP: 0/5
  1212 | D:2      | staff of conjuration
  1497 | D:2      | Noticed Natasha
  1501 | D:2      | Killed Natasha
  1502 | D:2      | Reached XP level 4. HP: 28/29 MP: 1/6
  1579 | D:2      | Found a runed translucent door.
  1580 | D:2      | Noticed Crazy Yiuf
  1587 | D:2      | Learned a level 3 spell: Mephitic Cloud
  1590 | D:2      | Killed Crazy Yiuf
  1591 | D:2      | Reached skill level 5 in Fire Magic
  1717 | D:2      | Noticed Natasha
  1722 | D:2      | Killed Natasha
  1723 | D:2      | Gained mutation: Your magical nature lets you fly swiftly
                  | and evasively. [Tengu growth]
  1723 | D:2      | Reached XP level 5. HP: 27/33 MP: 2/7
  1778 | D:2      | Noticed Natasha
  1783 | D:2      | Killed Natasha
  1784 | D:2      | Reached skill level 1 in Air Magic
  1994 | D:3      | Found Qiuv Woeqef's Weapon Emporium.
  2020 | D:3      | Reached skill level 1 in Poison Magic
  2193 | D:3      | Identified the +0 cloak of Luoshes {Str+3}
  2236 | D:3      | Found an ornate altar of the Wu Jian Council.
  2735 | D:4      | Reached XP level 6. HP: 39/39 MP: 0/10
  3284 | D:4      | Reached skill level 1 in Staves
  3284 | D:4      | Reached XP level 7. HP: 42/44 MP: 5/12
  3587 | D:5      | Entered Level 5 of the Dungeon
  3651 | D:5      | Found Mekyac's Distillery.
  3658 | D:5      | Found a runed translucent gate.
  3658 | D:5      | Found a runed translucent gate.
  3658 | D:5      | Found a runed translucent gate.
  3659 | D:5      | Bought a potion of brilliance for 60 gold pieces
  3659 | D:5      | Bought a potion of curing for 45 gold pieces
  3659 | D:5      | Bought a potion of curing for 45 gold pieces
  3661 | D:5      | Noticed arthad's ghost (amateur DEFE)
  3669 | D:5      | Got the Verses on the Barrage and Bodies
  4649 | D:5      | Found a glowing silver altar of Zin.
  4804 | D:5      | Noticed Eustachio
  4812 | D:5      | Killed Eustachio
  5070 | D:6      | Reached XP level 8. HP: 42/48 MP: 16/16
  5113 | D:6      | Reached skill level 5 in Spellcasting
  5259 | D:6      | Found a runed translucent door.
  5359 | D:6      | staff of poison
  5398 | D:6      | Reached skill level 1 in Conjurations
  5483 | D:6      | Noticed Blork the orc
  5494 | D:6      | Killed from afar by an electric eel

Illustrated notes

#(. ## ###.. .. ..#.. .
#.#.# #.#.#.# ##.#.# #
.. #.#.#.####.##..#.###
#...#..........<........
##...@#.### #......#
#>........#####..#####
#.....#.#.#........#....
###.###.#.###........###
.. #.... #...†[...### ##
......#...........
......#.........##
.......#.......#..#
........############


Turn 1212 on D:2: staff of conjuration ######### #.......##### #...........#
#...........# #.....).....# #.....####..#### ####.....#).#..#@?#
.........#..'..+.?# #####.#..##+#..#'## ...#<..........# ##..#................
...##.##+#..#+####.. ... ### +..+ #.. #..# #..# Turn 5359 on D:6: staff of
poison

Levels and vault maps discovered:
D:1:      spicycebolla_arrival_risky_transporter, layout_basic,
          ebering_ecumenical_altar_sacrificial, reono_crystal_passage,
          minmay_tall_x
D:2:      layout_basic, uniq_terence, uniq_crazy_yiuf_cottage, uniq_natasha
D:3:      layout_basic, mainiacjoe_overflow_tiny_flanked, serial_shops, shop
D:4:      layout_cave_pools, due_unseen_surprise
D:5:      layout_loops_corners, zin_treasury, serial_shops, shop,
          ebering_ghost_rock_garden, uniq_eustachio
D:6:      layout_basic, mainiacjoe_overflow_divided_tiny,
          ebering_ghost_reflecting_pool, serial_shops,
          nicolae_shop_tiny_waterfront, minmay_crystal_water,
          serial_bayou_ford_a, chequers_serial_rivers_room_b, minivault_10,
          uniq_blork_the_orc

Skill      XL: |  1  2  3  4  5  6  7  8 |
---------------+-------------------------+-----
Fire Magic     | 4 5 |  5.0
Fighting       | 4 |  4.6
Air Magic      | 2 3 4 |  4.8
Poison Magic   | 1 2 3 |  3.0
Spellcasting   | 2 3 4 5 |  5.7
Staves         | 1 |  1.1
Conjurations   | 1 |  1.2
Maces & Flails | |  3.2

Action                     |  1- 3 |  4- 6 |  7- 9 || total
---------------------------+-------+-------+-------++-------
  Melee: Mace              |    13 |       |       ||    13
         Kick              |     4 |    18 |     2 ||    24
         Short sword       |    26 |    16 |    11 ||    53
         Peck              |     1 |    12 |     1 ||    14
         Staff             |       |    45 |       ||    45
         Punch             |       |     1 |       ||     1
   Cast: Scorch            |    16 |    39 |    50 ||   105
         Mephitic Cloud    |       |       |     1 ||     1
    Use: Potion            |       |     4 |       ||     4
         Scroll            |       |     7 |     7 ||    14
   Stab: Sleeping          |     1 |       |       ||     1
 Armour: Robe              |    16 |    17 |    13 ||    46
  Dodge: Dodged            |    27 |    41 |    26 ||    94
